 Dungeon Crawl Stone Soup version 0.21-a0-251-g5e8393f (webtiles) character file.

1472 Deeps the Skirmisher (level 8, -7/53 HPs)
             Began as a Gargoyle Fighter on Sept 5, 2017.
             Was a Believer of Okawaru.
             Killed by divine providence
             ... invoked by an orc priest
              (20 damage)
             ... on level 8 of the Dungeon.
             The game lasted 00:07:06 (5585 turns).

Deeps the Skirmisher (Gargoyle Fighter)             Turns: 5585, Time: 00:07:07

Health: -7/53      AC: 19    Str: 25    XL:     8   Next: 78%
Magic:  8/8        EV:  6    Int: 12    God:    Okawaru [**....]
Gold:   163        SH:  9    Dex:  9    Spells: 7/7 levels left

rFire    + . .     SeeInvis .   a - +1 war axe
rCold    + + +     Gourm    .   c - +0 shield
rNeg     + . .     Faith    .   t - +0 chain mail
rPois    ∞         Spirit   .   j - +2 helmet
rElec    +         Reflect  .   (no cloak)
rCorr    .         Harm     +   (no gloves)
MR       .....                  (no boots)
Stlth    ..........             w - amulet of harm
HPRegen  0.17/turn              e - ring of the Sneaky Places {*Slow rC+++ Str+4 Int+2 Stlth-}
MPRegen  0.11/turn              o - ring of protection from fire

@: no status effects
A: negative energy resistance 1, electricity resistance, unbreathing,
petrification resistance, rot immunity, AC +5
a: Heroism, Renounce Religion


You were on level 8 of the Dungeon.
You worshipped Okawaru.
Okawaru was pleased with you.
You were not hungry.

You visited 2 branches of the dungeon, and saw 8 of its levels.

You collected 163 gold pieces.

Inventory:

Hand Weapons
 a - a +1 war axe (weapon)
 x - a +2 mace of venom
Missiles
 q - 2 tomahawks of dispersal (quivered)
Armour
 c - a +0 shield (worn)
 j - a +2 helmet (worn)
 t - a +0 chain mail (worn)
Jewellery
 e - the ring of the Sneaky Places (left hand) {*Slow rC+++ Str+4 Int+2 Stlth-}
   (You found it on level 4 of the Dungeon)

   [ring of loudness]

   It affects your strength (+4).
   It affects your intelligence (+2).
   It renders you almost immune to cold.
   It may slow you when you take damage.
   It makes you less stealthy.
 o - a ring of protection from fire (right hand)
 w - an amulet of harm (around neck)
Wands
 n - a wand of confusion (20/48)
 s - a wand of acid (6/15)
Scrolls
 g - 3 scrolls of remove curse
 k - 8 scrolls of identify
 m - a scroll of magic mapping {unknown}
 r - a scroll of summoning {unknown}
Potions
 b - a potion of berserk rage
 d - 2 potions of curing
 f - a potion of heal wounds {unknown}
 h - a potion of ambrosia
 p - a potion of haste
Comestibles
 i - 2 fruits
 l - 2 royal jellies


   Skills:
 + Level 7.5 Fighting
 + Level 5.8 Axes
 + Level 7.4 Armour
 - Level 3.2 Shields


You had 7 spell levels left.
You didn't know any spells.

Dungeon Overview and Level Annotations

Branches:
Dungeon (8/15)             Temple (1/1) D:4            Lair (0/6) D:8

Altars:
Cheibriados
Fedhas
Gozag
Hepliaklqana
Okawaru
Qazlal
Sif Muna
Trog
Vehumet
Yredelemnul
Zin
The Shining One

Shops:
D:7 ?


Innate Abilities, Weirdness & Mutations

You are resistant to torment.
Your stone body is resilient. (AC +5)
You are immune to poison.
You resist negative energy. (rN+)
You are resistant to electric shocks. (rElec)
You can survive without breathing.
You are immune to petrification.
You are immune to rotting.


Message History

The orc priest is moderately wounded.
You hit the orc warrior.
You kill the orc warrior!
Okawaru is honoured by your kill.
Your shield prevents you from hitting something.
The orc priest hits you but does no damage.
Something hits you but does no damage.
The orc priest hits you but does no damage.
You slash the orc priest!
The orc priest is almost dead.
You miss something. Something hits you but does no damage.
The orc priest begins to cast a cantrip, but forgets the words!
You block something's attack.
Unknown command.
You hit the orc priest but do no damage.
The orc priest is almost dead.
You closely miss something.
The orc priest mumbles some strange prayers to Beogh against you.
Beogh smites you!
You die...

###..###.<
##......###
##..........
###.....##....
##.....####.).#
###.....##
#..##
##.....### #.##
###{...### ##.#
#.)@..## #..#
......o)###
#..# .....>.##
#.## .....##
##.# ....# #..#
..## #..# .
#.## ##.#####
#..#...#


You could see an orc priest.

Vanquished Creatures
  A hungry ghost (D:7)
  The ghost of Akrius the Sneak, an amateur SpEn (D:3)
  An ice beast (D:7)
  An orc warrior (D:8)
  A phantom (D:5)
  A necrophage (D:7)
  2 ogres
  A centaur (D:8)
  3 killer bees (D:8)
  2 howler monkeys (D:4)
  2 hounds
  A bullfrog zombie (D:7)
  An orc priest (D:7)
  A bullfrog skeleton (D:5)
  An iguana (D:5)
  3 worker ants
  A worker ant zombie (D:3)
  Robin (D:4)
  3 adders
  4 gnolls (D:8)
  A leopard gecko (D:3)
  13 orcs
  11 bats
  17 goblins
  7 hobgoblins
  2 jackals (D:1)
  2 kobolds
  2 quokkas (D:4)
  2 frilled lizards
  2 jackal skeletons
  A quokka zombie (D:7)
  4 rats
96 creatures vanquished.

Notes
Turn   | Place    | Note
-------+----------+-------------------------------------------
     0 | D:1      | Deeps the Gargoyle Fighter began the quest for the Orb.
     0 | D:1      | Reached XP level 1. HP: 14/14 MP: 1/1
   263 | D:1      | Reached XP level 2. HP: 19/19 MP: 2/2
   820 | D:2      | Reached XP level 3. HP: 17/24 MP: 3/3
  1614 | D:3      | Noticed Akrius's ghost (amateur SpEn)
  1655 | D:3      | Killed Akrius's ghost
  1655 | D:3      | Reached XP level 4. HP: 20/30 MP: 4/4
  1655 | D:3      | Reached XP level 5. HP: 22/34 MP: 5/5
  2050 | D:3      | Found an opulent altar of Gozag.
  2958 | D:4      | Noticed an ogre
  2964 | D:4      | Killed an ogre
  2964 | D:4      | Reached skill level 5 in Fighting
  2964 | D:4      | Reached skill level 5 in Armour
  2964 | D:4      | Reached XP level 6. HP: 23/40 MP: 6/6
  3200 | D:4      | Got a steaming marble ring
  3273 | D:4      | Found a staircase to the Ecumenical Temple.
  3278 | Temple   | Entered the Ecumenical Temple
  3309 | Temple   | Became a worshipper of Warmaster Okawaru
  3358 | D:4      | Noticed Robin
  3380 | D:4      | Killed Robin
  3394 | D:4      | Identified the ring of the Sneaky Places {*Slow rC+++ Str+4 Int+2 Stlth-} (You found it on level 4 of the Dungeon)
  3411 | D:4      | Found a blossoming altar of Fedhas.
  4095 | D:5      | Entered Level 5 of the Dungeon
  4126 | D:5      | Reached XP level 7. HP: 44/44 MP: 7/7
  4179 | D:5      | Reached * piety under Okawaru
  4253 | D:5      | You are sucked into a shaft for 2 floors!
  4479 | D:7      | Reached skill level 5 in Axes
  4479 | D:7      | Reached XP level 8. HP: 40/52 MP: 8/8
  4659 | D:7      | Found a stormy altar of Qazlal.
  4659 | D:7      | Found a basalt altar of Yredelemnul.
  4664 | D:7      | Found a faded altar of an unknown god.
  4666 | D:7      | Found a hazy altar of Hepliaklqana.
  4668 | D:7      | Found a faded altar of an unknown god.
  5000 | D:7      | Found Bymi's Magic Scroll Emporium.
  5318 | D:8      | Found a staircase to the Lair.
  5328 | D:8      | Reached ** piety under Okawaru
  5585 | D:8      | Killed from afar by an orc priest

Vault maps used:
D:1:      co_arrival_random_square_maze
D:2:      serial_forest, infiniplex_forest_straight_5,
          infiniplex_forest_clump_long, infiniplex_forest_lined_ring,
          infiniplex_forest_lined_ring, infiniplex_forest_clump_cross,
          infiniplex_forest_pool, infiniplex_forest_clump_tiny,
          infiniplex_forest_straight_2
D:3:      nicolae_overflow_hidden_temple
D:4:      temple_doors_e, fedhas_altar_1, uniq_robin
D:5:      first_bread, serial_shops, shop, minivault_23
D:7:      chequers_temple_overflow_minitemple, serial_shops,
          nicolae_shop_behind_doors
D:8:      lair_entry_dummy, serial_shops, shop
Temple:   regret_index_temple_sphere_string

Skill      XL: |  1  2  3  4  5  6  7  8 |
---------------+-------------------------+-----
Axes           | 2 3 4 5 |  5.8
Fighting       | 4 5 6 7 |  7.5
Armour         | 4 5 6 7 |  7.4
Shields        | |  3.2

Action                   |  1- 3 |  4- 6 |  7- 9 || total
-------------------------+-------+-------+-------++-------
Melee: War axe           |   178 |    84 |   198 ||   460
  Use: Potion            |     1 |     9 |     1 ||    11
       Scroll            |       |     5 |     1 ||     6
  Eat: Chunk             |     1 |       |     2 ||     3
       Bread ration      |       |     2 |     1 ||     3
       Meat ration       |       |       |     2 ||     2
Armor: Scale mail        |   118 |    44 |    15 ||   177
       Chain mail        |       |       |   145 ||   145
Dodge: Dodged            |    80 |    23 |    50 ||   153
Block: Shield            |   108 |    39 |   108 ||   255

Table legend:
 A = Spawn XP
 B = Non-spawn XP
 C = Spawn XP percentage of total XP
 D = Spawn monster count
 E = Non-spawn monster count
 F = Spawn count percentage of total count
 G = Total turns spent on level
                    A         B        C        D         E        F      G
               +---------+---------+-------+---------+---------+-------+---------
         Total |      62 |    2042 |   2.9 |       9 |      87 |   9.4 |  5585
               +---------+---------+-------+---------+---------+-------+---------
           D:1 |       6 |      20 |  23.1 |       4 |      12 |  25.0 |   744
           D:2 |       0 |      34 |   0.0 |       0 |      13 |   0.0 |   839
           D:3 |      20 |     154 |  11.5 |       3 |       9 |  25.0 |  1158
           D:4 |       0 |     318 |   0.0 |       0 |      18 |   0.0 |  1297
           D:5 |       0 |     295 |   0.0 |       0 |       8 |   0.0 |   158
           D:7 |       3 |     705 |   0.4 |       1 |      13 |   7.1 |   845
           D:8 |      33 |     516 |   6.0 |       1 |      14 |   6.7 |   487
               +---------+---------+-------+---------+---------+-------+---------
